Map: Dusk Towers

Players

MjK - Winner!

  • Race: Protoss Protoss
  • League: Master

Yolotu

  • Race: Terran Terran
  • League: Master

VOD

Have the link to the VOD?

Description

Time

  • Played on: June 15, 2016, 7:53 p.m.
  • Length: 9:50
Show
View Real Time Build Order
Export as new Build Order

MjK Protoss - Winner!

Build Orders: 1 Gate Expand 

Get SALT Encoding   

  12  0:00  Probe (Chrono Boost)  
  13  0:11  Probe (Chrono Boost)  
  14  0:20  Pylon  
  14  0:22  Probe (Chrono Boost)  
  15  0:38  Gateway  
  15  0:39  Probe (Chrono Boost)  
  16  0:45  Assimilator  
  16  0:49  Probe (Chrono Boost)  
  17  1:00  Probe (Chrono Boost)  
  18  1:10  Probe (Chrono Boost)  
  19  1:20  Nexus  
  19  1:24  Probe (Chrono Boost)  
  20  1:35  Cybernetics Core  
  20  1:39  Probe (Chrono Boost)  
  21  1:50  Probe (Chrono Boost)  
  21  1:51  Assimilator  
  22  1:55  Pylon  
  22  2:00  Probe (Chrono Boost)  
  23  2:14  Mothership Core (Chrono Boost)  
  25  2:20  Warp Gate  
  25  2:32  Probe (Chrono Boost)  
  25  2:34  Probe (Chrono Boost)  
  27  2:37  Adept  
  27  2:42  Probe (Chrono Boost)  
  29  2:48  Twilight Council  
  29  2:50  Probe (Chrono Boost)  
  30  2:55  Probe (Chrono Boost)  
  31  3:01  Probe (Chrono Boost)  
  33  3:05  Probe (Chrono Boost)  
  33  3:07  Robotics Facility  
  33  3:12  Probe (Chrono Boost)  
  36  3:16  Resonating Glaives (Chrono Boost), Probe (Chrono Boost)  
  35  3:21  Probe (Chrono Boost)  
  35  3:26  Probe  
  37  3:29  Gateway  
  37  3:31  Gateway, Probe  
  38  3:38  Probe  
  39  3:42  Probe  
  40  3:50  Gateway  
  40  3:51  Gateway  
  40  3:55  Warp Prism (Chrono Boost)  
  40  3:57  Probe  
  43  4:04  Pylon  
  43  4:09  Probe  
  44  4:12  Probe  
  44  4:13  Assimilator x2  
  44  4:15  Pylon  
  45  4:23  Adept  
  45  4:24  Adept  
  49  4:25  Adept  
  49  4:28  Observer (Chrono Boost)  
  52  4:32  Probe x2  
  54  4:39  Pylon  
  54  4:44  Probe x2  
  56  4:51  Observer (Chrono Boost)  
  57  4:53  Pylon  
  57  4:56  Probe  
  55  5:08  Adept x5  
  55  5:11  Probe  
  66  5:25  Probe  
  67  5:29  Pylon  
  67  5:30  Adept x2, Pylon  
  68  5:35  Adept  
  68  5:36  Adept  
  62  5:57  Adept x4  
  62  5:58  Probe  
  61  6:06  Probe  
  61  6:10  Probe  
  55  6:15  Blink  
  55  6:18  Probe  
  56  6:22  Probe  
  57  6:30  Probe  
  58  6:34  Immortal (Chrono Boost)  
  62  6:44  Probe x2  
  64  6:50  Robotics Bay  
  64  6:52  Forge  
  64  6:53  Sentry  
  64  6:54  Sentry x3  
  68  6:56  Probe x2  
  75  7:08  Probe  
  75  7:10  Immortal (Chrono Boost)  
  79  7:16  Protoss Ground Weapons Level 1  
  79  7:22  Nexus  
  79  7:32  Pylon  
  79  7:33  Pylon  
  79  7:36  Adept x4  
  87  7:45  Extended Thermal Lance (Chrono Boost)  
  87  7:57  Colossus (Chrono Boost)  
  93  8:05  Pylon  
  93  8:10  Adept x2  
  93  8:11  Adept x2  
  101  8:27  Probe  
  101  8:30  Pylon  
  101  8:31  Adept x4  
  101  8:32  Adept  
  112  8:39  Photon Cannon  
  112  8:47  Colossus (Chrono Boost)  
  118  8:54  Probe  
  118  8:55  Probe  
  118  8:56  Probe  
  121  9:11  Adept x2  
  121  9:12  Nexus  
  121  9:13  Adept  
  127  9:23  Probe  
  127  9:25  Probe x2  
  127  9:30  Adept x2  
  127  9:31  Adept x2  
Show
View Real Time Build Order
Export as new Build Order

Yolotu Terran 

Build Orders: Liberator Opening, MMM Bio 

Get SALT Encoding   

  12  0:01  SCV  
  13  0:13  SCV  
  14  0:20  Supply Depot  
  14  0:25  SCV  
  15  0:41  SCV  
  16  0:42  Barracks  
  16  0:46  Refinery  
  16  0:53  SCV  
  17  1:05  SCV  
  18  1:18  SCV  
  19  1:30  Barracks Reactor  
  19  1:31  Orbital Command  
  19  1:45  Command Center  
  19  1:55  Supply Depot  
  19  1:57  SCV  
  20  2:09  Factory  
  20  2:12  SCV  
  21  2:17  Marine  
  21  2:19  Marine  
  23  2:26  SCV  
  24  2:35  Marine  
  24  2:36  Marine  
  25  2:38  SCV  
  25  2:42  Refinery  
  27  2:50  SCV  
  28  2:54  Starport  
  28  2:55  Marine  
  28  2:56  Marine  
  30  3:03  Orbital Command  
  30  3:06  SCV  
  30  3:08  Widow Mine  
  33  3:13  Marine  
  33  3:14  Marine  
  36  3:20  SCV  
  36  3:29  SCV  
  36  3:31  Supply Depot  
  36  3:32  SCV  
  38  3:34  Medivac  
  38  3:38  Widow Mine  
  42  3:41  SCV  
  42  3:44  SCV  
  42  3:46  Marine x2  
  46  3:49  Supply Depot, Liberator  
  46  3:53  SCV  
  47  3:56  SCV  
  47  4:00  Engineering Bay  
  48  4:05  SCV  
  48  4:08  SCV  
  53  4:10  Factory Tech Lab  
  53  4:18  SCV  
  53  4:20  SCV  
  53  4:22  Supply Depot  
  53  4:23  Marine x2  
  57  4:29  Missile Turret  
  57  4:30  SCV  
  58  4:31  Missile Turret  
  58  4:32  SCV  
  58  4:33  Siege Tank  
  62  4:44  SCV x2  
  64  4:56  Command Center  
  64  4:58  SCV  
  64  4:59  SCV  
  66  5:06  Barracks  
  62  5:08  Barracks  
  62  5:10  SCV  
  60  5:28  Siege Tank, Medivac  
  61  5:30  Marine x2  
  65  5:48  Supply Depot  
  65  5:55  Marine x3  
  65  5:56  Marine  
  46  6:04  SCV  
  46  6:05  Orbital Command  
  43  6:17  SCV  
  44  6:20  Orbital Command  
  44  6:23  Barracks Tech Lab  
  41  6:26  Barracks Tech Lab  
  41  6:29  SCV  
  41  6:32  SCV  
  43  6:41  SCV  
  43  6:44  SCV  
  44  6:49  SCV  
  44  6:53  SCV  
  46  6:56  SCV  
  46  6:57  Stimpack  
  44  7:08  Marine x3  
  44  7:09  Combat Shields  
  44  7:14  Missile Turret  
  47  7:17  SCV x2  
  47  7:18  Missile Turret  
  47  7:21  SCV  
  50  7:26  Terran Infantry Weapons Level 1  
  50  7:29  SCV x2  
  52  7:33  Starport Reactor  
  52  7:35  SCV  
  53  7:41  SCV  
  53  7:42  SCV  
  55  7:45  Siege Tank, Marine x2  
  55  7:47  SCV  
  61  7:53  SCV  
  61  7:54  SCV  
  61  7:57  Refinery  
  61  7:58  Refinery  
  63  7:59  SCV, Marine x2  
  65  8:06  SCV x2  
  65  8:08  Marine x2  
  65  8:11  SCV  
  70  8:18  Siege Tank, Medivac, SCV x2  
  77  8:23  SCV  
  78  8:29  Marine x2  
  78  8:30  SCV, Marine x2  
  78  8:31  SCV  
  84  8:35  SCV  
  85  8:42  SCV  
  85  8:43  SCV  
  85  8:44  Missile Turret  
  85  8:45  Orbital Command  
  85  8:47  Missile Turret  
  88  8:52  Barracks  
  88  8:53  Barracks  
  88  8:54  SCV  
  88  8:55  SCV  
  89  8:56  Marauder x2  
  93  9:09  Factory Reactor  
  93  9:17  SCV x3, Marine x2  
  100  9:29  SCV x3  
Tags
 
Add a new tag
Caveats
  • Supply blocks, unpowered buildings, or Contaminate may cause inaccurate times.
  • Supply counts are checked every 10 seconds.